 Dungeon Crawl Stone Soup version 0.27-a0-1081-ge8a0a9c698 (webtiles) character file.

Game seed: 3290269318967513649

7391 gimp the Cleaver (level 11, 0/75 HPs)
             Began as a Djinni Fighter on Apr 25, 2021.
             Was a High Priest of Okawaru.
             Slain by a manticore (15 damage)
             ... on level 11 of the Dungeon.
             The game lasted 00:20:39 (13574 turns).

gimp the Cleaver (Djinni Fighter)                  Turns: 13574, Time: 00:20:39

Health: 0/75       AC: 10    Str: 24    XL:     11   Next: 14%
Gold:   659        EV: 12    Int:  9    God:    Okawaru [*****.] SH: 12 Dex: 14

rFire    + + .     SeeInvis .   a - +11 war axe of the Vendetta {pain, rElec}
rCold    . . .     Faith    .   c - +0 kite shield
rNeg     . . .     Spirit   .   A - +0 acid dragon scales
rPois    ∞         Reflect  .   (no helmet)
rElec    +         Harm     .   (no cloak)
rCorr    +         Rampage  .   F - +0 pair of gloves
Will     +....                  (boots unavailable)
Stlth    +++.......             (no amulet)
HPRegen  0.22/turn              e - +6 ring of strength
MPRegen  0.00/turn              B - ring of protection from cold

@: heroic, spiked, flying
A: fire resistance 2, cold vulnerability 1, float, innate caster, hp casting,
extra vitality 1
a: Renounce Religion, Heroism, Finesse


You were on level 11 of the Dungeon.
You worshipped Okawaru.
Okawaru was extremely pleased with you.
You visited 2 branches of the dungeon, and saw 12 of its levels.
You also visited: Ossuary.

You collected 659 gold pieces.

Inventory:

Hand Weapons
 a - the +11 war axe of the Vendetta (weapon) {pain, rElec}
   (You found it on level 6 of the Dungeon)

   In the hands of one skilled in necromantic magic, it inflicts extra damage on
   living creatures.
   It insulates you from electricity.
 p - a +1 war axe of freezing
Missiles
 h - 27 poisoned darts
 k - 3 silver javelins (quivered)
 x - a throwing net
Armour
 c - a +0 kite shield (worn)
 r - a +1 chain mail
 A - +0 acid dragon scales (worn)
 F - a +0 pair of gloves (worn)
Jewellery
 e - a +6 ring of strength (left hand)
 j - a ring of protection from fire
 w - a ring of see invisible
 B - a ring of protection from cold (right hand)
Wands
 b - a wand of mindburst (24)
 s - a wand of acid (4)
 y - a wand of iceblast (4)
 C - a wand of polymorph (8)
Scrolls
 l - a scroll of fear
 m - 4 scrolls of teleportation
 n - a scroll of enchant weapon
 z - a scroll of enchant armour
Potions
 d - a potion of might
 f - 3 potions of heal wounds
 g - 2 potions of invisibility
 i - 2 potions of lignification
 o - a potion of cancellation
 q - 2 potions of berserk rage
 t - 3 potions of mutation
 u - 2 potions of attraction {unknown}
 v - a potion of brilliance
 E - a potion of haste


   Skills:
 - Level 5.0(10.0) Fighting
 + Level 10.2(15.2) Axes
 + Level 7.4(12.4) Armour
 - Level 5.0(10.0) Shields
 - Level 8.0 Invocations


You couldn't memorise any spells.
You knew the following spells:

 Your Spells              Type           Power      Damage    Failure   Level
a - Foxfire               Conj/Fire      0%         2x1d4     65%         1
b - Call Imp              Summ           0%         N/A       80%         2
c - Teleport Other        Tloc           0%         N/A       95%         3
d - Dazzling Flash        Conj/Hex       0%         N/A       95%         3
e - Borgnjor's Vile Clut  Necr/Erth      0%         N/A       100%        5
Your spell library was empty.


Dungeon Overview and Level Annotations

Branches:
Dungeon (11/15)            Temple (1/1) D:4            Lair (0/6) D:10
Ossuary (visited)
    Orc: D:9-12

Altars:
Ashenzari
Cheibriados
Dithmenos
Elyvilon
Fedhas
Gozag
Hepliaklqana
Kikubaaqudgha
Makhleb
Nemelex Xobeh
Okawaru
Qazlal
Ru
Sif Muna
Trog
Uskayaw
Vehumet
Wu Jian
Xom
Yredelemnul
Zin
The Shining One

Shops:
D:4 *   D:7 (

Annotations:
D:5 1 runed translucent door, Crazy Yiuf
D:8 2 transporters, tinescath's ghost, novice PaFi


Innate Abilities, Weirdness & Mutations

You are immune to poison.
Your flesh is very heat resistant. (rF++)
You are vulnerable to cold. (rC-)
You float through the air rather than walking.
You learn spells naturally, not from books.
Your magical power is your life essence.
You have superior vitality. (+4 HP)


Message History

The troll shouts!
The manticore flicks its tail.
The volley of spikes hits you!
The barbed spikes become lodged in your body.
You take 14 damage, and have 61/75 hp.
The barbs in your skin will harm you if you move.
Continue? [Y]es or [N]o only, please.
The barbs in your skin will harm you if you move.
Continue?
Okay, then.
Unknown command.
The barbs in your skin will harm you if you move.
Continue?
The barbed spikes dig painfully into your body as you move.
The manticore flicks its tail.
The volley of spikes hits you.
The barbed spikes become lodged in your body.
You take 11 damage, and have 50/75 hp.
The barbed spikes dig painfully into your body as you move.
The manticore bites you but does no damage.
You block the manticore's attack. The manticore claws you.
You see here a lightning rod (4/4).
You take 12 damage, and have 38/75 hp.
You slash the manticore!
The manticore is moderately wounded.
The manticore completely misses you. The manticore barely misses you.
You block the manticore's attack.
You hit the manticore.
The manticore is moderately wounded.
The manticore bites you! The manticore closely misses you.
The manticore claws you.
* * * LOW HITPOINT WARNING * * *
You take 21 damage, and have 17/75 hp.
MASSIVE DAMAGE!!
You are too injured to fight recklessly!
Okay, then.
As you read the scroll of fear, it crumbles to dust.
You assume a fearsome visage.
The troll looks frightened!
The manticore resists with some effort.
The manticore closely misses you. The manticore barely misses you.
You block the manticore's attack.
You gain the combat prowess of a mighty hero.
The manticore bites you!
You die...

#. #.. .. .. ...
#.#######...
#.......T.#
#.........#
#....H...#
#...@...###..
####............
#...............
#......<....####
#...........#
####........#
(.........#
#....?.####.#
#...... .#


You could see a manticore and a troll (fleeing).

Vanquished Creatures
  2 trolls
  3 hornets
  A meliai zombie (D:10)
  2 wyverns
  7 yaks
  3 steam dragons
  2 wraiths (D:9)
  An acid dragon (D:9)
  A water moccasin (D:9)
  2 orc warriors (D:9)
  A hornet zombie (D:7)
  2 necrophages
  An ogre (D:7)
  3 sky beasts
  4 wolves (D:10)
  2 phantoms
  4 centaurs
  A kobold brigand (D:7)
  4 bullfrogs
  2 scorpions
  3 gnoll sergeants
  A water moccasin zombie (D:5)
  A wyvern zombie (D:9)
  2 water moccasin skeletons (D:6)
  2 electric eels (D:10)
  6 howler monkeys
  A bullfrog zombie (D:5)
  A centaur zombie (D:7)
  2 jellies
  A human zombie (Ossuary)
  5 orc priests
  3 centaur skeletons
  7 hounds
  3 iguanas
  8 orc wizards
  A killer bee zombie (D:7)
  2 mummies (Ossuary)
  10 gnolls
  5 adders
  A howler monkey skeleton (D:7)
  A white imp (D:5)
  An ufetubus (D:5)
  A worm zombie (D:8)
  2 adder skeletons (D:5)
  2 adder zombies (Ossuary)
  4 worms
  3 dart slugs
  29 orcs
  10 bats
  5 endoplasms
  5 giant cockroaches
  6 goblins
  7 hobgoblins
  2 jackals (D:2)
  9 kobolds
  6 quokkas
  6 ball pythons
  4 frilled lizards
  2 goblin zombies
  10 hobgoblin zombies
  3 jackal zombies (Ossuary)
  9 kobold zombies (Ossuary)
  9 orc zombies (Ossuary)
  10 rats
  3 rat zombies (Ossuary)
262 creatures vanquished.

Notes
Turn   | Place    | Note
-------+----------+-------------------------------------------
     0 | D:1      | gimp the Djinni Fighter began the quest for the Orb.
     0 | D:1      | Reached XP level 1. HP: 20/20 MP: 0/0
   155 | D:1      | Reached XP level 2. HP: 22/25 MP: 0/0
   268 | D:1      | Reached skill level 2 in Axes
   581 | D:1      | Reached XP level 3. HP: 16/30 MP: 0/0
   581 | D:1      | Learned a level 1 spell: Foxfire
  1610 | D:2      | Reached XP level 4. HP: 31/37 MP: 0/0
  2348 | D:3      | Reached skill level 3 in Axes
  2795 | D:4      | Found Zin's Purification Station.
  2796 | D:4      | Found a glowing silver altar of Zin.
  2971 | D:4      | Reached XP level 5. HP: 38/42 MP: 0/0
  2971 | D:4      | Learned a level 2 spell: Call Imp
  3481 | D:4      | Noticed a necrophage
  3487 | D:4      | Killed a necrophage
  3488 | D:4      | Reached skill level 5 in Fighting
  3488 | D:4      | Reached skill level 4 in Axes
  3488 | D:4      | Reached XP level 6. HP: 47/49 MP: 0/0
  3949 | D:4      | Found a staircase to the Ecumenical Temple.
  3955 | Temple   | Entered the Ecumenical Temple
  4210 | Temple   | Became a worshipper of Warmaster Okawaru
  4752 | D:4      | Found a glowing golden altar of the Shining One.
  4811 | D:5      | Entered Level 5 of the Dungeon
  5015 | D:5      | Noticed a sky beast
  5115 | D:4      | Killed a sky beast
  5116 | D:4      | Reached skill level 1 in Invocations
  5116 | D:4      | Reached XP level 7. HP: 13/54 MP: 0/0
  5116 | D:4      | Learned a level 3 spell: Teleport Other
  5869 | D:5      | Found a snail-covered altar of Cheibriados.
  6012 | D:5      | Found a runed translucent door.
  6013 | D:5      | Noticed Crazy Yiuf
  6280 | D:5      | Found a basalt altar of Yredelemnul.
  6286 | D:5      | Found a bloodstained altar of Trog.
  6289 | D:5      | Found a white marble altar of Elyvilon.
  6761 | D:4      | Reached * piety under Okawaru
  6762 | D:4      | Reached skill level 5 in Axes
  7062 | D:5      | Reached XP level 8. HP: 58/59 MP: 0/0
  7657 | D:6      | Reached skill level 5 in Shields
  7915 | D:6      | Reached skill level 6 in Axes
  7947 | D:6      | Identified the +11 war axe of the Vendetta {pain, rElec}
  8036 | D:6      | Reached ** piety under Okawaru
  8189 | D:6      | Reached skill level 5 in Invocations
  8699 | D:7      | Found Ity Ixe's Weapon Shoppe.
  8705 | D:7      | Reached XP level 9. HP: 58/65 MP: 0/0
  8705 | D:7      | Learned a level 3 spell: Dazzling Flash
  9069 | D:7      | Reached skill level 7 in Axes
  9851 | D:8      | Found a sand-covered staircase.
  9869 | Ossuary  | Entered an ossuary
 10087 | D:8      | Reached *** piety under Okawaru
 10088 | D:8      | Reached skill level 8 in Axes
 10389 | D:8      | Noticed a hornet
 10395 | D:8      | Killed a hornet
 10396 | D:8      | Reached XP level 10. HP: 64/70 MP: 0/0
 10457 | D:8      | Found a transporter.
 10467 | D:8      | Found a transporter.
 10467 | D:8      | Noticed tinescath's ghost (novice PaFi)
 10511 | D:8      | Identified the +3 ring mail of Noughts and Crosses {Int+4}
 10851 | D:9      | Reached **** piety under Okawaru
 10855 | D:9      | Reached skill level 9 in Axes
 11135 | D:9      | Reached skill level 5 in Armour
 11915 | D:9      | Found a sparkling altar of Nemelex Xobeh.
 12623 | D:10     | Entered Level 10 of the Dungeon
 12677 | D:10     | Reached ***** piety under Okawaru
 12678 | D:10     | Reached XP level 11. HP: 75/75 MP: 0/0
 12678 | D:10     | Learned a level 5 spell: Borgnjor's Vile Clutch
 12683 | D:10     | Reached skill level 10 in Axes
 12791 | D:10     | Found a staircase to the Lair.
 13297 | D:10     | Found a shadowy altar of Dithmenos.
 13567 | D:11     | Noticed a manticore
 13574 | D:11     | Slain by a manticore

Illustrated notes

Levels and vault maps discovered:
D:1:      dpeg_arrival_ternary, layout_loops_ring
D:2:      layout_rooms
D:3:      layout_loops_ring
D:4:      layout_loops_ring, lemuel_coloured_pillars_altar, zin_purify,
          minmay_temple_entry_trees, minmay_crystal_water
D:5:      layout_basic, amcnicky_altar_gilded, minmay_overflow_temple_star_quad,
          columned_hall_lemuel, nrook_loot_triangle, minmay_joined_circles,
          uniq_crazy_yiuf_cottage
D:6:      layout_cave_pods, chequers_serial_rivers_room_b, minmay_diced_spiral
D:7:      layout_cave_pools, lemuel_blue_sif_altar, serial_shops, shop,
          st_stairs_8
D:8:      layout_gridville, enter_ossuary_3, gammafunk_ghost_hive
D:9:      layout_stronghold, old_standard_altar, hangedman_corner_corridor
D:10:     layout_roguey, general_overflow_altar, erik_lair_island
D:11:     layout_rooms
Temple:   oiseaux_autumnal_temple

Skill      XL: |  1  2  3  4  5  6  7  8  9 10 11 |
---------------+----------------------------------+-----
Axes           | 2 3 4 5 6 8 9 10 | 10.2
Fighting       | 4 5 |  5.0
Invocations    | 1 3 5 8 |  8.0
Shields        | 4 5 |  5.0
Armour         | 6 7 |  7.4

Action                   |  1- 3 |  4- 6 |  7- 9 | 10-12 || total
-------------------------+-------+-------+-------+-------++-------
Melee: War axe           |   143 |   230 |   319 |   141 ||   833
Throw: Javelin           |       |       |     5 |       ||     5
Invok: Heroism           |       |       |     7 |     6 ||    13
Evoke: Wand              |       |       |       |     2 ||     2
  Use: Scroll            |     4 |     5 |     6 |     7 ||    22
       Potion            |       |     3 |     1 |       ||     4
Armor: Scale mail        |    94 |   109 |    92 |       ||   295
       Chain mail        |       |       |    22 |    27 ||    49
       Acid dragon scale |       |       |       |    20 ||    20
Dodge: Dodged            |    51 |    68 |    83 |    58 ||   260
Block: Kite shield       |    97 |   112 |   174 |    90 ||   473

Table legend: (Time is in decaauts)
 A = Elapsed time spent in this place.
 B = Non-inter-level travel time spent in this place.
 C = Inter-level travel time spent in this place.
 D = Time resting spent in this place.
 E = Time spent auto-exploring this place.
 F = Levels seen in this place.
 G = Mean time per level.
                   A        B        C        D        E       F      G
               +--------+--------+--------+--------+--------+-----+--------+
         Total |  13944 |  13405 |    539 |    503 |  10486 |  13 | 1072.6 |
       Dungeon |  13451 |  12930 |    521 |    503 |  10153 |  11 | 1222.8 |
        Temple |    274 |    256 |     18 |      0 |    248 |   1 |  274.0 |
       Ossuary |    217 |    217 |      0 |      0 |     85 |   1 |  217.0 |
               +--------+--------+--------+--------+--------+-----+--------+

Top non-repeatable levels by time:
     D:5: 1867 daAuts
     D:4: 1839 daAuts
     D:9: 1797 daAuts
     D:6: 1569 daAuts
     D:3: 1290 daAuts
     D:1: 1284 daAuts
     D:2: 1108 daAuts
    D:10: 945 daAuts
     D:7: 940 daAuts
     D:8: 801 daAuts
  Temple: 274 daAuts
 Ossuary: 217 daAuts
    D:11: 7 daAuts
